 Dungeon Crawl Stone Soup version 0.31.0-9-g3a7656b989 (console) character file.

Game seed: 16822524566268308891

130 AlterAsc the Sneak (level 4, -2/24 HPs)
             Began as a Vampire Enchanter on Jan 29, 2024.
             Slain by an orc priest
             ... wielding a +0 falchion
              (8 damage)
             ... on level 3 of the Dungeon.
             The game lasted 00:06:03 (2040 turns).

AlterAsc the Sneak (Vampire Enchanter)              Turns: 2040, Time: 00:06:04

Health: -2/24      AC:  2    Str:  7    XL:     4   Next: 90%
Magic:  6/7        EV: 13    Int: 17    God:
Gold:   77         SH:  0    Dex: 22    Spells: 2/7 levels left

rFire   . . .        a - +1 dagger
rCold   + + .        (no shield)
rNeg    + + +        b - +0 robe
rPois   ∞            (no helmet)
rElec   .            (no cloak)
rCorr   .            (no gloves)
SInv    +            (no boots)
Will    .....        (no amulet)
Stlth   ++++++       i - +6 ring of dexterity
HPRegen 0.00/turn    (no ring)
MPRegen 0.10/turn

%: no passive effects
@: bloodless, inhibited regen, invisible
A: bloodless, fangs 3, see invisible, vampiric 2
a: Bat Form, Revivify


You were on level 3 of the Dungeon.
You visited 1 branch of the dungeon, and saw 3 of its levels.

You collected 77 gold pieces.

Inventory:

Hand Weapons
 a - a +1 dagger (weapon)
Missiles
 n - 5 poisoned darts (quivered)
Armour
 b - a +0 robe (worn)
Jewellery
 i - a +6 ring of dexterity (left hand)
Wands
 m - a wand of light (8)
Scrolls
 e - 2 scrolls of enchant weapon {unknown}
 j - 2 scrolls of poison {unknown}
 o - 2 scrolls of identify {unknown}
Potions
 c - 2 potions of invisibility
 d - a potion of ambrosia {unknown}
 f - a potion of attraction {unknown}
 g - a potion of berserk rage {unknown}
 h - a potion of magic {unknown}
 k - a potion of might {unknown}
 l - a potion of curing {unknown}
 p - a potion of brilliance {unknown}


   Skills:
 - Level 1.1 Short Blades
 - Level 2.1 Dodging
 + Level 6.9 Stealth
 + Level 2.0 Spellcasting
 + Level 6.5 Hexes
 + Level 0.0 Ice Magic


You had 2 spell levels left.
You knew the following spells:

 Your Spells              Type           Power      Damage    Failure   Level
a - Ensorcelled Hibernat  Hex/Ice        24%        N/A       8%          2
b - Confusing Touch       Hex            23%        N/A       4%          3

Your spell library contained the following spells:

 Spells                   Type           Power      Damage    Failure   Level
 Freeze                   Ice            8%         1d3       19%         1
 Sigil of Binding         Hex            23%        N/A       4%          3
 Tukima's Dance           Hex            23%        N/A       4%          3
 Dazzling Flash           Conj/Hex       24%        N/A       16%         3
 Dimensional Bullseye     Hex/Tloc       6%         N/A       45%         4
 Call Canine Familiar     Summ           1%         N/A       50%         3
 Frozen Ramparts          Ice            4%         1d1       50%         3
 Hailstorm                Conj/Ice       1%         3d5       50%         3
 Mephitic Cloud           Conj/Alch/Air  1%         N/A       50%         3
 Silence                  Hex/Air        6%         N/A       80%         5
 Curse of Agony           Necr           1%         N/A       99%         5


Dungeon Overview and Level Annotations

Branches:
Dungeon (3/15)

Altars:
Makhleb


Innate Abilities, Weirdness & Mutations

You do not regenerate when monsters are visible.
You are frail without blood (-20% HP).
You can heal yourself when you bite living creatures.
You are immune to poison.
You have razor-sharp teeth.
You have supernaturally acute eyesight. (SInv)
You are afflicted with vampirism and can become a bat while bloodless.


Message History

An orc comes into view. It is wielding a +0 hand axe.
You hit the orc priest. Your bite misses the orc priest.
The orc priest is heavily wounded.
The orc priest closely misses you.
Casting: Ensorcelled Hibernation (safe; 8% risk of failure)
Confirm with . or Enter, or press ? or * to list all spells.
Aiming: Ensorcelled Hibernation (safe; 8% risk of failure)
Press: ? - help, Shift-Dir - straight line, f/p - orc priest
Aim: an orc priest, wielding a +0 falchion (heavily wounded, chance to affect: 46%)
Okay, then.
You closely miss the orc priest.
The orc priest is heavily wounded.
The orc priest hits you with a +0 falchion.
You hit the orc priest.
The orc priest is heavily wounded.
The orc priest begins to cast a cantrip, but forgets the words!
You barely miss the orc priest.
The orc priest is heavily wounded.
The orc priest invokes the aid of Beogh against you.
Beogh smites you!
* * * LOW HITPOINT WARNING * * *
You hit the orc priest but do no damage.
The orc priest is heavily wounded.
The orc priest looks braver for a moment.
You fade into invisibility!
The orc priest closely misses you.
You hit the orc priest.
The orc priest is heavily wounded.
The orc priest barely misses you.
You hit the orc priest.
The orc priest is severely wounded.
The orc priest barely misses you.
You hit the orc priest but do no damage.
Your bite misses the orc priest.
The orc priest is severely wounded.
The orc priest shouts!
You hit the orc priest.
The orc priest is almost dead.
The orc priest hits you with a +0 falchion!
You die...

#.# #.# #.# #.# #.#
#.# #.# #.#..
#.#######.#..
#.##......##.#
#.#........#.#
#.#..#####.#.#
#.#..#.....#.#
########.#..#.#####.#
#.oo@....#...........
##o#######.##.....#..
# #.######†###
#....)......
###...##.##.
#...........#.
............#.
#####...#...#.
........#.
#####.##.#. .. .#.


You could see an orc priest (unable to see you) and 2 orcs.

Vanquished Creatures
  6 adders
  A white imp (D:3)
  2 dart slugs
  A ribbon worm (D:3)
  2 orcs (D:3)
  3 endoplasms
  2 giant cockroaches
  2 hobgoblins (D:1)
  4 jackals (D:3)
  5 kobolds
  7 quokkas
  6 ball pythons
  5 bats
  5 frilled lizards
  6 goblins
  4 rats
61 creatures vanquished.

Notes
Turn   | Place    | Note
-------+----------+-------------------------------------------
     0 | D:1      | AlterAsc the Vampire Enchanter began the quest for the Orb.
     0 | D:1      | Reached XP level 1. HP: 13/13 MP: 3/3
   142 | D:1      | Reached XP level 2. HP: 19/19 MP: 5/5
   149 | D:1      | Learned a level 2 spell: Ensorcelled Hibernation
   166 | D:1      | Reached skill level 5 in Stealth
   266 | D:1      | Reached skill level 5 in Hexes
   499 | D:1      | Gained mutation: You are afflicted with vampirism and can
                  | become a bat while bloodless. [Vampire growth]
   499 | D:1      | Reached XP level 3. HP: 17/19 MP: 3/6
   771 | D:2      | Found a faded altar of an unknown god.
   950 | D:2      | Found a burning altar of Makhleb.
  1029 | D:2      | Reached XP level 4. HP: 24/24 MP: 7/7
  1868 | D:3      | Learned a level 3 spell: Confusing Touch
  2040 | D:3      | Slain by an orc priest

Illustrated notes

Levels and vault maps discovered:
D:1:      sevenhm_arrival_forest_fort_small_4, layout_basic, dk_noncrumbling_4,
          serial_park_tiny_pond
D:2:      layout_loops_corners, basic_altar, ebering_ecumenical_altar_rust
D:3:      layout_basic

Skill      XL: |  1  2  3  4 |
---------------+-------------+-----
Stealth        | 5 6 |  6.9
Hexes          | 5 6 |  6.5
Short Blades   | |  1.1
Dodging        | |  2.1
Spellcasting   | |  2.0

Action                     |  1- 3 |  4- 6 || total
---------------------------+-------+-------++-------
  Melee: Dagger            |    78 |    63 ||   141
         Bite              |     4 |     6 ||    10
  Throw: Dart              |       |     1 ||     1
   Cast: Ensorcelled Hiber |    13 |    13 ||    26
Ability: Exsanguinate      |     1 |       ||     1
    Use: Potion            |       |     1 ||     1
   Stab: Distracted        |     1 |       ||     1
         Sleeping          |    22 |    18 ||    40
 Armour: Robe              |    23 |    21 ||    44
  Dodge: Dodged            |    40 |    40 ||    80
